Map: Ruines d’Endion

Players

zidar - Winner!

  • Race: Zerg Zerg
  • League: Gold
  • Spawn Location: 7:00

HighKickGirl

  • Race: Protoss Protoss
  • League: Silver
  • Spawn Location: 5:00

VOD

Have the link to the VOD?

Description

Time

  • Played on: May 20, 2016, 2:19 p.m.
  • Length: 10:16
Show
View Real Time Build Order
Export as new Build Order

zidar Zerg - Winner!

Build Orders: Pool First 

Get SALT Encoding   

  12  0:02  Drone  
  13  0:08  Drone  
  14  0:17  Overlord  
  14  0:21  Extractor  
  13  0:24  Drone  
  17  0:35  Drone x2  
  17  0:49  Spawning Pool  
  16  0:51  Drone  
  17  1:14  Hatchery  
  17  1:16  Drone  
  17  1:22  Extractor, Drone  
  17  1:30  Drone x2  
  19  1:40  Queen  
  21  1:53  Overlord  
  21  1:56  Zergling x2  
  21  2:15  Zergling x2  
  21  2:16  Zergling x2  
  21  2:22  Queen  
  25  2:36  Zergling x2  
  25  2:37  Zergling x4  
  28  2:55  Spore Crawler  
  27  2:58  Zergling x2  
  27  2:59  Zergling x12  
  34  3:07  Metabolic Boost  
  34  3:25  Spore Crawler  
  33  3:34  Roach Warren  
  33  3:35  Drone x4  
  33  3:39  Overlord  
  25  4:28  Zergling x2  
  25  4:29  Zergling x12  
  30  4:45  Spore Crawler  
  29  4:49  Extractor  
  28  4:55  Zergling x8  
  32  5:36  Drone x4  
  29  5:54  Roach  
  29  5:55  Roach x2  
  34  5:57  Overlord  
  34  5:58  Overlord x5  
  32  6:22  Queen  
  32  6:23  Queen  
  34  6:34  Roach  
  34  6:35  Roach x6  
  48  6:44  Ravager  
  48  6:45  Ravager x2  
  51  7:11  Drone x8  
  45  7:47  Zergling x18  
  50  7:59  Roach x2  
  54  8:10  Ravager x4  
  58  8:14  Roach  
  58  8:15  Roach x2  
  58  8:18  Zergling x2  
  59  8:53  Zergling x2  
  59  8:54  Zergling x20  
  70  9:03  Lair  
Show
View Real Time Build Order
Export as new Build Order

HighKickGirl Protoss 

Build Orders: Phoenix Opening 

Get SALT Encoding   

  12  0:01  Probe (Chrono Boost)  
  13  0:11  Probe (Chrono Boost)  
  14  0:19  Pylon  
  14  0:25  Probe (Chrono Boost)  
  15  0:37  Probe (Chrono Boost)  
  15  0:38  Gateway  
  16  0:47  Assimilator  
  16  0:48  Probe (Chrono Boost)  
  17  0:54  Assimilator  
  17  0:58  Probe (Chrono Boost)  
  18  1:07  Pylon  
  18  1:10  Probe (Chrono Boost)  
  19  1:20  Probe (Chrono Boost)  
  20  1:28  Cybernetics Core  
  20  1:33  Probe (Chrono Boost)  
  21  1:44  Probe (Chrono Boost)  
  21  1:46  Gateway  
  22  1:52  Pylon  
  22  1:55  Probe (Chrono Boost)  
  23  2:05  Warp Gate  
  23  2:13  Stargate  
  23  2:29  Gateway  
  23  2:33  Mothership Core (Chrono Boost)  
  25  2:42  Zealot  
  25  2:43  Zealot  
  29  2:52  Pylon  
  29  3:00  Phoenix (Chrono Boost)  
  29  3:02  Pylon  
  31  3:21  Sentry  
  31  3:23  Phoenix (Chrono Boost)  
  35  3:45  Phoenix (Chrono Boost)  
  37  4:10  Sentry  
  25  4:24  Stalker  
  27  4:40  Probe  
  28  4:52  Probe  
  29  5:04  Probe  
  30  5:15  Phoenix (Chrono Boost)  
  30  5:16  Probe  
  30  5:20  Sentry  
  35  5:29  Zealot x2  
  39  6:05  Nexus  
  39  6:32  Stalker  
  41  6:33  Stalker x2  
  41  6:39  Assimilator  
  45  6:41  Probe  
  45  6:43  Assimilator  
  46  6:53  Probe  
  47  7:14  Pylon  
  30  7:51  Stalker x3  
  32  7:53  Probe  
  37  8:10  Probe  
  38  8:13  Probe  
  39  8:22  Probe  
  39  8:25  Probe  
  41  8:34  Pylon  
  39  8:53  Phoenix (Chrono Boost)  
  39  8:55  Probe  
  41  8:57  Probe  
  43  9:06  Probe  
  43  9:09  Probe  
  30  9:37  Stalker x3  
  32  9:48  Probe  
  25  10:00  Probe  
Tags
 
Add a new tag
Caveats
  • Supply blocks, unpowered buildings, or Contaminate may cause inaccurate times.
  • Supply counts are checked every 10 seconds.